 Dungeon Crawl Stone Soup version 0.30-a0-605-gb2882149bf (webtiles) character file.

Game seed: 9695248755695150238

19920 sokol815 the Covert (level 12, -5/80 HPs)
             Began as an Octopode Fighter on Jan 7, 2023.
             Was an Initiate of Gozag.
             Slain by a two-headed ogre
             ... wielding a +0 giant club
              (16 damage)
             ... on level 1 of the Orcish Mines.
             The game lasted 00:31:50 (13076 turns).

sokol815 the Covert (Octopode Fighter)             Turns: 13076, Time: 00:31:51

Health: -5/80      AC:  3    Str: 10    XL:     12   Next: 74%
Magic:  16/26      EV: 26    Int: 15    God:    Gozag
Gold:   1624       SH:  5    Dex: 16    Spells: 13/18 levels left

rFire   . . .      SeeInvis .    a - +7 spear of the First Realms {heavy, Will+++ Str-5 Dex+4 Stlth+}
rCold   . . .      Faith    .    b - +0 buckler
rNeg    . . .      Spirit   .    o - +2 hat
rPois   .          Reflect  .    (no amulet)
rElec   .          Harm     .    S - ring of resist corrosion
rCorr   +          Rampage  .    U - +5 ring of evasion
Will    +++..                    y - +5 ring of evasion
Stlth   +++++++                  V - ring of magical power {MP+9}
HPRegen 0.33/turn                (no ring)
MPRegen 0.20/turn                (no ring)
                                 (no ring)
                                 (no ring)

@: gold aura
A: almost no armour, amphibious, 8 rings, camouflage 1, gelatinous body 1,
(nimble swimmer 1), tentacles
a: Renounce Religion, Potion Petition, Call Merchant, Bribe Branch


You were on level 1 of the Orcish Mines.
You worshipped Gozag.
Gozag was most pleased with you.
You visited 4 branches of the dungeon, and saw 15 of its levels.
You also visited: Ossuary.

You collected 2481 gold pieces.
You spent 161 gold pieces at shops.
You paid 696 gold pieces to Gozag.

Inventory:

Hand Weapons
 a - the +7 spear of the First Realms (weapon) {heavy, Will+++ Str-5 Dex+4 Stlth+}
   (You found it on level 3 of the Dungeon)

   Str:       It affects your strength (-5).
   Dex:       It affects your dexterity (+4).
   Will:      It greatly increases your willpower.
   Stlth:     It makes you more stealthy.
 f - the +7 hand axe of the Evil Eye {antimagic, +Blink rElec rPois Will+}
   (You found it on level 6 of the Dungeon)

   rElec:     It insulates you from electricity.
   rPois:     It protects you from poison.
   +Blink:    It lets you blink.
   Will:      It increases your willpower.
 r - a +1 falchion of holy wrath
   (You took it off an orc on level 5 of the Dungeon)
 t - a +1 flail of protection
   (You took it off a gnoll on level 5 of the Dungeon)
 A - the +5 dagger "Limuim" {freeze, rPois rF+++ Dex-5 Stlth+}
   (You bought it in a shop on level 4 of the Dungeon)

   Dex:       It affects your dexterity (-5).
   rF:        It renders you almost immune to fire.
   rPois:     It protects you from poison.
   Stlth:     It makes you more stealthy.
 G - a +5 short sword of freezing
   (You took it off a wight on level 8 of the Dungeon)
 Q - a +4 mace of freezing
   (You took it off a wight on level 7 of the Dungeon)
 Z - a +0 long sword of holy wrath
   (You found it on level 11 of the Dungeon)
Missiles
 e - 7 javelins
 h - 23 poisoned darts
 m - 4 silver boomerangs
 n - 12 boomerangs
 s - 115 stones
 u - 6 throwing nets {!d}
 C - 3 silver javelins
Armour
 b - a +0 buckler (worn)
 o - a +2 hat (worn)
   (You took it off Gastronok on level 1 of the Lair of Beasts)
 W - a +0 kite shield
   (You found it on level 11 of the Dungeon)
Jewellery
 y - a +5 ring of evasion (on tentacle)
   (You found it on level 6 of the Dungeon)
 S - a ring of resist corrosion (left tentacle)
   (You found it on level 1 of the Dungeon)
 U - a +5 ring of evasion (right tentacle)
   (You found it on level 6 of the Dungeon)
 V - a ring of magical power (on tentacle) {MP+9}
   (You found it on level 11 of the Dungeon)
Wands
 j - a wand of polymorph (6)
   (You found it on level 10 of the Dungeon)
 p - a wand of paralysis (4)
   (You found it on level 1 of the Lair of Beasts)
 q - a wand of flame (11)
   (You took it off Natasha on level 3 of the Dungeon)
 w - a wand of quicksilver (8)
   (You found it on level 7 of the Dungeon)
Scrolls
 g - 2 scrolls of enchant weapon
 i - 2 scrolls of amnesia
 k - 4 scrolls of fog
 D - a scroll of blinking {!r}
 E - a scroll of fear
 K - 5 scrolls of immolation {!r}
 O - 2 scrolls of silence
 X - 3 scrolls of magic mapping {@r4!r}
 Y - a scroll of teleportation {@r3}
Potions
 c - 2 potions of magic
 l - 2 potions of cancellation
 v - a potion of attraction {!q}
 x - 3 potions of resistance {unknown}
 z - a potion of degeneration {unknown}
 B - 5 potions of brilliance
 F - a potion of mutation {unknown}
 H - 5 potions of haste
 I - 2 potions of invisibility
 J - 8 potions of curing {@q1}
 L - 6 potions of flight
 M - a potion of might
 N - 2 potions of heal wounds {@q2}
 P - a potion of lignification {!q}
 R - a potion of ambrosia {unknown}
 T - 2 potions of berserk rage {!q}


   Skills:
 + Level 6.4 Fighting
 - Level 4.3(8.6) Axes
 - Level 11.6(12.0) Polearms
 + Level 6.5 Dodging
 - Level 12.0 Stealth
 - Level 4.0 Shields
 + Level 3.9 Spellcasting
 * Level 7.5 Hexes
 - Level 8.0 Transmutations


You had 13 spell levels left.
You knew the following spells:

 Your Spells              Type           Power      Damage    Failure   Level
a - Wereblood             Tmut           26%        N/A       1%          2
b - Tukima's Dance        Hex            25%        N/A       3%          3

Your spell library contained the following spells:

 Spells                   Type           Power      Damage    Failure   Level
 Beastly Appendage        Tmut           52%        N/A       1%          1
 Spider Form              Tmut/Pois      14%        N/A       14%         3
 Portal Projectile        Hex/Tloc       28%        N/A       16%         3
 Summon Guardian Golem    Hex/Summ       14%        N/A       16%         3
 Summon Small Mammal      Summ           8%         N/A       24%         1
 Blade Hands              Tmut           13%        N/A       24%         5
 Anguish                  Hex/Necr       7%         N/A       45%         4
 Call Canine Familiar     Summ           2%         N/A       56%         3
 Enfeeble                 Hex            12%        N/A       100%        7


Dungeon Overview and Level Annotations

Branches:
Dungeon (11/15) Zot: 24984  Temple (1/1) D:4 Zot: 5899    Lair (1/5) D:10 Zot: 5733
    Orc (2/2) D:11 Zot: 10948     Elf (0/3) Orc:2       Ossuary (visited)

Altars:
Ashenzari
Cheibriados
Dithmenos
Elyvilon
Fedhas
Gozag
Hepliaklqana
Kikubaaqudgha
Makhleb
Nemelex Xobeh
Okawaru
Qazlal
Ru
Sif Muna
Trog
Uskayaw
Vehumet
Wu Jian
Xom
Yredelemnul
Zin
The Shining One

Shops:
D:4 (   D:10 :   D:11 [

Annotations:
D:2 Jessica
D:5 1 runed translucent door, Crazy Yiuf
D:11 exclusion: orange demon, Amaemon
Lair:1 exclusion: 2 death yaks
Orc:2 Jorgrun, Snorg


Innate Abilities, Weirdness & Mutations

You cannot wear most types of armour.
You are amphibious.
You can wear up to eight rings at the same time.
Your skin changes colour to match your surroundings (Stealth+).
Your rubbery body absorbs attacks. (AC +1, EV +1)
((You are camouflaged when in or above water. (Stealth+)))
You have tentacles for arms and can constrict up to eight enemies at once.


Message History

There is a stone staircase leading down, spattered with blood here.
You take 14 damage, and have 37/80 hp.
Unknown command.
The ogre hits you with a +0 giant club.
You take 5 damage, and have 32/80 hp.
The two-headed ogre attacks as you move away!
The two-headed ogre completely misses you.
You block the two-headed ogre's attack.
The two-headed ogre attacks as you move away!
You block the two-headed ogre's attack. The two-headed ogre closely misses you.
You are too injured to fight recklessly!
You are too injured to fight recklessly!
You are too injured to fight recklessly!
Reach: a) +7 spear of the First Realms {heavy, Will+++ Str-5 Dex+4 Stlth+}
Aim: an ogre, wielding a +0 giant club (about 16% to evade the +7 spear of the First Realms)
You reach to attack!
You hit the ogre.
Reach: a) +7 spear of the First Realms {heavy, Will+++ Str-5 Dex+4 Stlth+}
Aim: an ogre, wielding a +0 giant club (lightly wounded, about 16% to evade the +7 spear of the First Realms)
You puncture the ogre! Your squeeze misses the ogre.
As you read the scroll of teleportation {@r3}, it crumbles to dust.
You feel strangely unstable.
You are too injured to fight recklessly!
You are too injured to fight recklessly!
You hit the two-headed ogre.
You squeeze the two-headed ogre, but do no damage.
You puncture the two-headed ogre!
You squeeze the two-headed ogre, but do no damage.
The two-headed ogre hits you with a +0 giant club!!
* * * LOW HITPOINT WARNING * * *
You block the two-headed ogre's attack.
You take 28 damage, and have 10/80 hp.
MASSIVE DAMAGE!!
You puncture the two-headed ogre!
Your surroundings suddenly seem different.
(D) Dungeon (T) Temple (L) Lair (O) Orcish Mines (E) Elven Halls
Where to? (Enter - Orc:2, ? - help)
There is a stone staircase leading down here.
There is a staircase back to the Dungeon, spattered with blood here.
You climb upwards.
Welcome back to the Dungeon!
Level annotation: exclusion: orange demon, Amaemon
There is a staircase to the Orcish Mines, spattered with blood here.
You regained 10 hp, and now have 21/80 hp.
You start resting.
Health restored: 80 You climb downwards.
Welcome back to the Orcish Mines!
There is a staircase back to the Dungeon, spattered with blood here.
Done exploring.
There is a stone staircase leading down here.
Aim: a two-headed ogre, wielding a +0 giant spiked club and a +0 giant club (wandering, hasn't noticed you, chance to affect: 37%)
The two-headed ogre shouts in stereo!
The two-headed ogre resists with some effort.
You now have 23/26 mp.
Aim: a two-headed ogre, wielding a +0 giant spiked club and a +0 giant club (chance to affect: 37%)
The two-headed ogre resists with some effort.
You now have 20/26 mp.
Aim: a two-headed ogre, wielding a +0 giant spiked club and a +0 giant club (chance to affect: 37%)
The two-headed ogre resists with some effort.
The two-headed ogre shouts in stereo!
You now have 17/26 mp.
There is a stone staircase leading down here.
There is a staircase back to the Dungeon, spattered with blood here.
Aim: a two-headed ogre, wielding a +0 giant spiked club and a +0 giant club (chance to affect: 37%)
The two-headed ogre resists with some effort.
You now have 20/26 mp.
Aim: a two-headed ogre, wielding a +0 giant spiked club and a +0 giant club (chance to affect: 37%)
The +0 giant club dances into the air!
You now have 18/26 mp.
Aim: a two-headed ogre, wielding a +0 giant spiked club (ally target, chance to affect: 37%)
The two-headed ogre resists with some effort.
You now have 15/26 mp.
You puncture the two-headed ogre! The two-headed ogre closely misses you.
The two-headed ogre completely misses you.
You hit the two-headed ogre. You puncture the two-headed ogre!
You squeeze the two-headed ogre!
The two-headed ogre hits you with a +0 giant spiked club!!
The two-headed ogre completely misses you.
Your +0 giant club hits the two-headed ogre!
The two-headed ogre hits you with a +0 giant club!
You block the two-headed ogre's attack.
You take 46 damage, and have 34/80 hp.
MASSIVE DAMAGE!!
You hit the two-headed ogre. You barely miss the two-headed ogre.
The two-headed ogre closely misses you.
The two-headed ogre completely misses you.
Your +0 giant club completely misses the two-headed ogre.
The two-headed ogre hits you with a +0 giant club!!
* * * LOW HITPOINT WARNING * * *
The two-headed ogre closely misses you.
You take 23 damage, and have 11/80 hp.
MASSIVE DAMAGE!!
You puncture the two-headed ogre!
You kill the two-headed ogre!
Things that are here:
a +0 leather armour; a +0 mace; a +0 whip The two-headed ogre attacks as you move away!
The two-headed ogre misses you.
The two-headed ogre hits you with a +0 giant club!
You die...
Your body crumbles into a pile of gold.

###...### #.....#.....#
.##.....#####.....##...##
#....O....##.....###....##
O...#....................#
...######.#..............#
..######........#........#
...#.##.................##
#.....##...#...(O.......##
.....#..........@........#
#................#....#.##
###.##.......[.........###
.######.......[..........##
## ##.#..........#.....# #
###....#......#.....# #
###................#.## #
##........#...#......##
#.........##..........#


You could see a two-headed ogre (ally target) and a friendly +0 giant club.

Vanquished Creatures
  Gastronok (Lair:1)
  A stone giant (Orc:2)
  A centaur warrior (D:8)
  A two-headed ogre (Orc:1)
  A death yak (Lair:1)
  Urug (Lair:1)
  An orc knight (D:11)
  An ugly thing (D:10)
  2 cyclopes
  A gargoyle (D:7)
  4 trolls
  2 hornets (D:9)
  26 yaks
  2 shadows
  A wyvern (D:9)
  A wraith (D:11)
  5 steam dragons
  A basilisk (D:8)
  5 vampire mosquitoes
  An acid dragon (D:10)
  2 wargs (Orc:1)
  2 water moccasins
  4 orc warriors
  3 ice beasts
  5 ogres
  2 black bears
  3 phantoms
  3 centaurs
  3 kobold brigands
  5 bullfrogs
  3 gnoll sergeants
  2 necrophages
  8 scorpions
  13 wights
  13 killer bees
  4 electric eels (D:6)
  4 howler monkeys
  A crimson imp (D:10)
  A jelly (D:8)
  7 orc priests
  A hound (D:6)
  3 gnoll boudas
  Terence (D:3)
  Natasha (thrice) (D:3)
  4 iguanas
  9 orc wizards
  8 mummies (Ossuary)
  31 gnolls
  6 adders
  3 white imps
  2 ufetubi (D:5)
  4 worms
  3 dart slugs
  44 orcs
  8 bats
  5 endoplasms
  3 giant cockroaches
  A gnoll zombie (Ossuary)
  5 hobgoblins
  8 jackals
  A quokka (D:3)
  4 ball pythons
  2 frilled lizards
  6 goblins
  3 hobgoblin zombies (Ossuary)
  A jackal zombie (D:6)
  21 kobolds
  2 kobold zombies (Ossuary)
  2 orc zombies (Ossuary)
  5 rats
  A rat zombie (D:6)
347 creatures vanquished.

Vanquished Creatures (collateral kills)
  Sonja (Lair:1)
1 creature vanquished.

Vanquished Creatures (others)
  3 dancing weapons
  An orc (Orc:2)
  16 fungi
  36 plants
56 creatures vanquished.

Grand Total: 404 creatures vanquished

Notes
Turn   | Place    | Note
-------+----------+-------------------------------------------
     0 | D:1      | sokol815 the Octopode Fighter began the quest for the Orb.
     0 | D:1      | Reached XP level 1. HP: 16/16 MP: 1/1
   100 | D:1      | Reached XP level 2. HP: 21/21 MP: 2/2
   123 | D:1      | Reached skill level 3 in Axes
   608 | D:2      | Reached XP level 3. HP: 26/26 MP: 3/3
   665 | D:2      | Noticed Jessica
  1083 | D:2      | Reached skill level 4 in Axes
  1312 | D:3      | Reached XP level 4. HP: 31/31 MP: 4/4
  1317 | D:3      | Identified the +7 spear of the First Realms {heavy, Will+++
                  | Str-5 Dex+4 Stlth+}
  1333 | D:3      | Noticed Terence
  1338 | D:3      | Killed Terence
  1339 | D:3      | Reached skill level 1 in Polearms
  1510 | D:3      | Found a radiant altar of Vehumet.
  1537 | D:3      | Reached skill level 2 in Polearms
  1537 | D:3      | Reached XP level 5. HP: 27/36 MP: 5/5
  1539 | D:3      | Noticed Natasha
  1542 | D:3      | Killed Natasha
  1884 | D:3      | Reached skill level 4 in Shields
  1948 | D:3      | Noticed Natasha
  1952 | D:3      | Killed Natasha
  1953 | D:3      | Reached skill level 3 in Polearms
  1953 | D:3      | Reached XP level 6. HP: 26/42 MP: 6/6
  1964 | D:3      | Noticed Natasha
  1969 | D:3      | Killed Natasha
  2259 | D:4      | Reached skill level 4 in Polearms
  2319 | D:4      | Noticed a black bear
  2325 | D:4      | Killed a black bear
  2326 | D:4      | Reached skill level 2 in Stealth
  2524 | D:4      | Found Boggitz's Antique Weapon Emporium.
  2571 | D:4      | Found an ornate altar of the Wu Jian Council.
  2726 | D:4      | Reached skill level 3 in Stealth
  2726 | D:4      | Reached XP level 7. HP: 42/46 MP: 7/7
  2738 | D:4      | Found a blossoming altar of Fedhas.
  2764 | D:4      | Found a staircase to the Ecumenical Temple.
  2770 | Temple   | Entered the Ecumenical Temple
  2887 | D:4      | Reached skill level 4 in Stealth
  3121 | D:5      | Entered Level 5 of the Dungeon
  3321 | D:5      | Reached skill level 5 in Stealth
  3323 | D:5      | Reached skill level 5 in Polearms
  3327 | D:5      | Reached skill level 6 in Stealth
  3461 | D:5      | Reached XP level 8. HP: 42/52 MP: 8/8
  3469 | D:5      | HP: 12/52 [iguana (7)]
  3471 | D:5      | Reached skill level 7 in Stealth
  3672 | D:5      | HP: 13/52 [adder (2)]
  3675 | D:5      | HP: 6/52 [gnoll/+0 club[a gnoll sergeant] (4)]
  3786 | D:5      | Reached skill level 8 in Stealth
  3855 | D:5      | Reached skill level 6 in Polearms
  3964 | D:5      | Found a runed translucent door.
  3965 | D:5      | Noticed Crazy Yiuf
  4187 | D:6      | Found a sand-covered staircase.
  4197 | Ossuary  | Entered an ossuary
  4291 | Ossuary  | Reached skill level 7 in Polearms
  4686 | D:6      | Identified the +7 hand axe of the Evil Eye {antimagic,
                  | +Blink rElec rPois Will+}
  4877 | D:6      | Reached skill level 8 in Polearms
  4887 | D:6      | Reached XP level 9. HP: 56/56 MP: 9/9
  4919 | D:6      | Reached skill level 9 in Polearms
  5454 | D:7      | Reached skill level 10 in Polearms
  5812 | D:7      | Found a glowing golden altar of the Shining One.
  5812 | D:7      | Found a glowing silver altar of Zin.
  5812 | D:7      | Found a white marble altar of Elyvilon.
  6108 | D:7      | Noticed a gargoyle
  6118 | D:7      | Killed a gargoyle
  6119 | D:7      | Reached skill level 11 in Polearms
  6177 | D:7      | Found an opulent altar of Gozag.
  6177 | D:7      | Found a basalt altar of Yredelemnul.
  6182 | D:7      | Became a worshipper of Gozag Ym Sagoz the Greedy
  6293 | D:7      | Reached XP level 10. HP: 63/63 MP: 10/10
  6524 | D:4      | Bought a sapphire dagger for 161 gold pieces
  6524 | D:4      | Identified the +5 dagger "Limuim" {freeze, rPois rF+++
                  | Dex-5 Stlth+} (You bought it in a shop on level 4 of the
                  | Dungeon)
  6854 | D:8      | HP: 11/59 [wight/+3 spear (11)]
  7055 | D:8      | Reached skill level 4 in Fighting
  7055 | D:8      | Reached skill level 4 in Dodging
  7066 | D:8      | Reached skill level 9 in Stealth
  7294 | D:8      | Noticed a centaur warrior
  7305 | D:8      | Killed a centaur warrior
  7311 | D:8      | Reached skill level 5 in Fighting
  7311 | D:8      | Reached skill level 5 in Dodging
  7651 | D:8      | Reached skill level 10 in Stealth
  8130 | D:9      | Reached XP level 11. HP: 53/72 MP: 11/11
  8263 | D:9      | Noticed a cyclops
  8270 | D:9      | Killed a cyclops
  8271 | D:9      | Reached skill level 6 in Fighting
  8271 | D:9      | Reached skill level 6 in Dodging
  8271 | D:9      | Reached skill level 11 in Stealth
  8276 | D:9      | Learned a level 2 spell: Wereblood
  8349 | D:9      | Reached skill level 1 in Transmutations
  8516 | D:9      | Reached skill level 2 in Transmutations
  8671 | D:9      | Reached skill level 3 in Transmutations
  8787 | D:10     | Entered Level 10 of the Dungeon
  8808 | D:10     | Noticed a red ugly thing
  8964 | D:10     | Reached skill level 12 in Stealth
  8974 | D:10     | Reached skill level 4 in Transmutations
  9083 | D:10     | Found a staircase to the Lair.
  9113 | D:10     | Reached skill level 5 in Transmutations
  9331 | D:10     | Reached skill level 6 in Transmutations
  9382 | D:10     | Killed a red ugly thing
  9471 | D:10     | Learned a level 3 spell: Tukima's Dance
  9694 | D:11     | Reached skill level 1 in Hexes
  9925 | D:11     | Identified the +0 helmet of Fohagih {Str+2}
  9984 | D:11     | Reached skill level 2 in Hexes
  9989 | D:11     | Reached skill level 7 in Transmutations
 10017 | D:11     | Reached skill level 3 in Hexes
 10317 | D:11     | Reached XP level 12. HP: 58/79 MP: 12/12
 10394 | D:11     | Noticed Amaemon
 10500 | D:11     | Found Acenerghe's Armour Shoppe.
 10619 | D:11     | Reached skill level 4 in Hexes
 10705 | D:11     | Found a staircase to the Orcish Mines.
 10926 | Lair:1   | Entered Level 1 of the Lair of Beasts
 10946 | Lair:1   | Noticed Urug
 10960 | Lair:1   | Killed Urug
 10961 | Lair:1   | Reached skill level 1 in Spellcasting
 10961 | Lair:1   | Reached skill level 8 in Transmutations
 11020 | Lair:1   | Noticed Gastronok
 11040 | Lair:1   | Killed Gastronok
 11041 | Lair:1   | Reached skill level 2 in Spellcasting
 11041 | Lair:1   | Reached skill level 5 in Hexes
 11154 | Lair:1   | Noticed a death yak
 11154 | Lair:1   | Noticed a death yak
 11159 | Lair:1   | Noticed Sonja
 11174 | Lair:1   | Noticed a death yak
 11176 | Lair:1   | Killed Sonja
 11224 | Lair:1   | HP: 13/79 [death yak (29)]
 11225 | Lair:1   | Killed a death yak
 11226 | Lair:1   | Reached skill level 6 in Hexes
 11484 | Orc:1    | Entered Level 1 of the Orcish Mines
 11640 | D:11     | Reached skill level 3 in Spellcasting
 12375 | Orc:2    | Entered Level 2 of the Orcish Mines
 12375 | Orc:2    | Found a staircase to the Elven Halls.
 12479 | Orc:2    | Noticed a stone giant
 12487 | Orc:2    | Reached skill level 7 in Hexes
 12702 | Orc:2    | Killed a stone giant
 12717 | Orc:2    | Noticed a two-headed ogre
 12717 | Orc:2    | Noticed a two-headed ogre
 12718 | Orc:2    | Noticed a two-headed ogre
 12718 | Orc:2    | Noticed a two-headed ogre
 12718 | Orc:2    | Noticed an ogre mage
 12768 | Orc:2    | Noticed Jorgrun
 12769 | Orc:2    | Noticed Snorg
 12790 | Orc:1    | HP: 10/80 [two-headed ogre/+0 giant club (28)]
 13073 | Orc:1    | HP: 11/80 [two-headed ogre/+0 giant club (24)]
 13074 | Orc:1    | Killed a two-headed ogre
 13076 | Orc:1    | Slain by a two-headed ogre

Illustrated notes

Levels and vault maps discovered:
D:1:      shiori_arrival_oz, layout_rooms
D:2:      layout_basic, uniq_jessica
D:3:      layout_rooms, lemuel_tele_altar, minmay_mini_jars, uniq_terence,
          uniq_natasha
D:4:      layout_basic, pdpol_wu_jian_five_deadly_venoms,
          mainiacjoe_overflow_chevrons, minmay_temple_entry_nine_rooms,
          serial_shops, nicolae_diamond_shop
D:5:      layout_basic, uniq_crazy_yiuf_cottage
D:6:      layout_basic, enter_ossuary_3, serial_bayou_lagoon_b
D:7:      layout_basic, good_gods_mini_temple, gammafunk_temple_overflow_statue
D:8:      nzn_winding_woodlands_three_and_one
          [nzn_winding_woodlands_5x15_default,
          nzn_winding_woodlands_5x15_sawtooth,
          nzn_winding_woodlands_5x15_sidewinder,
          nzn_winding_woodlands_center_diamonds], layout_layer_cave
D:9:      layout_loops_ring, minivault_4, kennysheep_generic_room_15
D:10:     layout_roguey, grunt_lair_entry_orc_guard_hut, minmay_fire_ice_demons
D:11:     layout_cave_pools, david_orc_2, serial_shops,
          nicolae_shop_behind_doors, hangedman_decor_slide_cut,
          kennysheep_big_empty_room, minmay_rotating_lava, uniq_amaemon
Temple:   nicolae_temple_two_arcs
Lair:1:   layout_long_grid, lemuel_fruit_tree, infiniplex_staircase_pool_2,
          grunt_megastairs_2, serial_bayou_shore_b, uniq_urug, uniq_gastronok,
          uniq_sonja, uniq_grum
Orc:1:    layout_caves
Orc:2:    st_orc_open, layout_caves, uniq_jorgrun, uniq_snorg

Skill      XL: |  1  2  3  4  5  6  7  8  9 10 11 12 |
---------------+-------------------------------------+-----
Axes           | 3 4 |  4.3
Polearms       | 2 3 4 5 8 11 | 11.6
Shields        | 4 |  4.0
Stealth        | 3 6 8 10 12 | 12.0
Fighting       | 5 6 |  6.4
Dodging        | 5 6 |  6.5
Transmutations | 7 8 |  8.0
Hexes          | 3 7 |  7.5
Spellcasting   | 3 |  3.9

Action                   |  1- 3 |  4- 6 |  7- 9 | 10-12 || total
-------------------------+-------+-------+-------+-------++-------
Melee: War axe           |    68 |       |       |       ||    68
       Constrict         |    16 |     9 |    52 |    36 ||   113
       Tentacles         |    10 |     8 |    44 |   119 ||   181
       Spear             |       |    86 |   248 |   562 ||   896
       Punch             |       |     1 |     3 |     4 ||     8
       Dagger            |       |       |       |     7 ||     7
Throw: Stone             |     1 |       |       |       ||     1
       Dart              |       |       |       |     4 ||     4
 Cast: Wereblood         |       |       |       |     4 ||     4
       Tukima's Dance    |       |       |       |    22 ||    22
Invok: Call Merchant     |       |       |       |     1 ||     1
Evoke: Wand              |       |       |     5 |       ||     5
  Use: Scroll            |     2 |     9 |    11 |     4 ||    26
       Potion            |       |       |     1 |     4 ||     5
 Stab: Sleeping          |     6 |    14 |    18 |    29 ||    67
       Distracted        |       |       |     2 |     8 ||    10
Armor: Skin              |    11 |     1 |     3 |     6 ||    21
Dodge: Dodged            |    41 |    28 |    66 |   283 ||   418
Block: Buckler           |    22 |     6 |    29 |    84 ||   141

Table legend: (Time is in decaauts)
 A = Elapsed time spent in this place.
 B = Non-inter-level travel time spent in this place.
 C = Inter-level travel time spent in this place.
 D = Time resting spent in this place.
 E = Time spent auto-exploring this place.
 F = Levels seen in this place.
 G = Mean time per level.
                   A        B        C        D        E       F      G
               +--------+--------+--------+--------+--------+-----+--------+
         Total |  13003 |  12344 |    659 |   1991 |   8044 |  16 |  812.7 |
       Dungeon |  11363 |  10765 |    598 |   1679 |   7241 |  11 | 1033.0 |
        Temple |    100 |     85 |     15 |      0 |     77 |   1 |  100.0 |
          Lair |    266 |    264 |      2 |      2 |    151 |   1 |  266.0 |
  Orcish Mines |   1051 |   1007 |     44 |    267 |    479 |   2 |  525.5 |
       Ossuary |    221 |    221 |      0 |     43 |     95 |   1 |  221.0 |
               +--------+--------+--------+--------+--------+-----+--------+

Top non-repeatable levels by time:
    D:11: 1510 daAuts
    D:10: 1343 daAuts
     D:7: 1271 daAuts
     D:5: 1109 daAuts
     D:6: 1037 daAuts
     D:9: 1000 daAuts
     D:4: 987 daAuts
     D:8: 964 daAuts
   Orc:1: 955 daAuts
     D:3: 813 daAuts
     D:2: 756 daAuts
     D:1: 569 daAuts
  Lair:1: 266 daAuts
 Ossuary: 221 daAuts
  Temple: 100 daAuts

Table legend:
 A = Kills in this place as a percentage of kills in entire the game.
 B = Kills by you in this place as a percentage of kills by you in the entire game.
 C = Kills by friends in this place as a percentage of kills by friends in the entire game.
 D = Other kills in this place as a percentage of other kills in the entire game.
 E = Experience gained in this place as a percentage of experience gained in the entire game.
 F = Experience gained in this place divided by the number of levels of this place that you have seen.
                   A       B       C       D       E      F
               +-------+-------+-------+-------+-------+----------------------
         Total | 100.0 | 100.0 | 100.0 |   N/A | 100.0 | 1778.6
       Dungeon |  87.4 |  87.6 |   0.0 |   N/A |  71.0 | 1836.8
          Lair |   1.4 |   1.2 | 100.0 |   N/A |  14.2 | 4032.0
  Orcish Mines |   6.6 |   6.6 |   0.0 |   N/A |  14.3 | 2035.0
       Ossuary |   4.6 |   4.6 |   0.0 |   N/A |   0.5 | 151.0
               +-------+-------+-------+-------+-------+----------------------
